Kradschützen Motorcycle Team
Selects Panzerjäger Kommand Battlegroup
Construct Light Support Kompanie
Selects Defensive Positions
Kradschützen Motorcycle Team
Construct Mechanized Kompanie
Marder III Tank Destroyer
254 Reconnaissance Tractor
Selects Butterfly Bomb Drop
Construct Panzerarmee Kommand
Walking Stuka Rocket Launcher
Marder III Tank Destroyer
Selects Crew Shock Tactics
Walking Stuka Rocket Launcher
Marder III Tank Destroyer
254 Reconnaissance Tractor
Selects Anti-tank Overwatch